 Dungeon Crawl Stone Soup version 0.23-a0-169-gb21e69520c (webtiles) character file.

26 PikkenKukken the Skirmisher (level 2, 0/24 HPs)
             Began as a Demonspawn Monk on Sept 12, 2018.
             Slain by a goblin
             ... wielding a +0 club
             ... led by Robin
              (3 damage)
             ... on level 1 of the Dungeon.
             The game lasted 00:01:52 (1026 turns).

PikkenKukken the Skirmisher (Demonspawn Monk)       Turns: 1026, Time: 00:01:52

Health: 0/24       AC:  8    Str: 11    XL:     2   Next: 89%
Magic:  2/2        EV:  5    Int: 11    God:
Gold:   64         SH:  0    Dex: 15    Spells: 1/1 levels left

rFire    + . .     SeeInvis .     - Unarmed
rCold    . . .     Gourm    .   (no shield)
rNeg     . . .     Faith    .   d - +0 chain mail
rPois    .         Spirit   .   (no helmet)
rElec    .         Reflect  .   (no cloak)
rCorr    .         Harm     .   (no gloves)
MR       .....                  (no boots)
Stlth    ..........             (no amulet)
HPRegen  0.08/turn              (no ring)
MPRegen  0.08/turn              g - ring of protection from fire

@: no status effects
A: claws 1
a: no special abilities


You were on level 1 of the Dungeon.
You were not hungry.

You visited 1 branch of the dungeon, and saw 2 of its levels.

You collected 64 gold pieces.

Inventory:

Armour
 d - a +0 chain mail (worn)
Jewellery
 g - a ring of protection from fire (right claw)
Potions
 a - a potion of mutation
 c - a potion of curing {unknown}
Comestibles
 b - 2 rations
 f - 4 chunks of flesh


   Skills:
 + Level 3.2 Fighting
 + Level 0.8 Armour
 + Level 2.9 Dodging
 - Level 1.7 Stealth
 * Level 3.2 Unarmed Combat


You had one spell level left.
You didn't know any spells.
Your spell library was empty.

Dungeon Overview and Level Annotations

Branches:
Dungeon (2/15)

Altars:

Annotations:
D:2 Robin


Innate Abilities, Weirdness & Mutations

You have sharp fingernails.


Message History

You scratch the goblin.
You kill the goblin!
The goblin barely misses you. The goblin hits you but does no damage.
You closely miss the hobgoblin. The goblin hits you but does no damage.
The hobgoblin hits you but does no damage.
The goblin hits you but does no damage.
The goblin hits you with an uncursed club.
* * * LOW HITPOINT WARNING * * *
Your chain mail prevents you from hitting the hobgoblin.
The goblin hits you but does no damage.
The hobgoblin hits you but does no damage.
The goblin barely misses you.
You closely miss the hobgoblin.
The goblin hits you but does no damage. x2
The hobgoblin hits you with a club.
* * * LOW HITPOINT WARNING * * *
The goblin hits you but does no damage.
You scratch the hobgoblin.
You kill the hobgoblin!
The goblin hits you with an uncursed club.
You die...

#........#### #######
#........#... #.....#
#........#.##
#.....####...##.......
#.....................
#..........####.#####.
#....g####......# #.
#...gg####......#####.
#####@)...............
### #g####...(..#####'
#.# #.# ##...........
###.####.#####.###.......
#.....##.#.....# #.......
###.#.##.#.....# #......#
#.#.##.#.....# #......#
#.#..........# #......#
#.#..........# #=.....#


You could see 4 goblins.

Vanquished Creatures
  2 dart slugs (D:1)
  A leopard gecko (D:1)
  4 goblins (D:1)
  3 hobgoblins (D:1)
  3 kobolds (D:1)
  A ball python (D:1)
  2 bats (D:1)
  3 frilled lizards (D:1)
  2 rats (D:1)
21 creatures vanquished.

Notes
Turn   | Place    | Note
-------+----------+-------------------------------------------
     0 | D:1      | PikkenKukken the Demonspawn Monk began the quest for the
                  | Orb.
     0 | D:1      | Reached XP level 1. HP: 18/18 MP: 1/1
   470 | D:1      | Gained mutation: You have sharp fingernails. [demonic
                  | ancestry]
   470 | D:1      | Reached XP level 2. HP: 24/24 MP: 2/2
   928 | D:2      | Noticed Robin
  1026 | D:1      | Slain by a goblin

Vault maps used:
D:1:      dpeg_arrival_arbitrary_c
D:2:      nicolae_overflow_hidden_temple, fedhas_altar_3, uniq_robin

Skill      XL: |  1  2 |
---------------+-------+-----
Unarmed Combat | 3 |  3.2
Fighting       | |  3.2
Armour         | |  0.8
Dodging        | |  2.9
Stealth        | |  1.7

Action                   || total
-------------------------++-------
Melee: Unarmed           ||    78
       Punch             ||     2
  Use: Scroll            ||     4
Armor: Chain mail        ||    44
Dodge: Dodged            ||    42

Table legend:
 A = Non-vault XP
 B = Vault XP
 C = Vault XP percentage of total XP
 D = Non-vault monster count
 E = Vault monster count
 F = Vault count percentage of total count
                 A         B        C        D         E       F
            +---------+---------+-------+---------+---------+-------
      Total |      30 |       8 |  21.1 |      17 |       4 |  19.0
            +---------+---------+-------+---------+---------+-------
        D:1 |      30 |       8 |  21.1 |      17 |       4 |  19.0
            +---------+---------+-------+---------+---------+-------
